 Dungeon Crawl Stone Soup version 0.24.0-123-gd5b16e6ec5 (webtiles) character file.

Game seed: 16016235476700590167, levelgen mode: deterministic

2991 anderalex17 the Cleaver (level 9, -3/71 HPs)
             Began as a Red Draconian Fighter on Jan 8, 2020.
             Was a Believer of Trog.
             Impaled on a porcupine's spines (12 damage)
             ... on level 8 of the Dungeon on Jan 12, 2020.
             The game lasted 02:08:43 (12613 turns).

anderalex17 the Cleaver (Red Draconian Fighter)    Turns: 12613, Time: 02:08:44

Health: -3/71      AC:  4    Str: 24    XL:     9   Next: 54%
Magic:  9/9        EV: 13    Int:  9    God:    Trog [**....]
Gold:   372        SH:  9    Dex: 11    Spells: 8/8 levels left

rFire    + + +     SeeInvis .   L - +3 war axe (vamp)
rCold    . . .     Gourm    .   G - +5 buckler of Decompression {rElec rF+ Str+3}
rNeg     . . .     Faith    .   (armour unavailable)
rPois    .         Spirit   .   (helmet restricted)
rElec    +         Reflect  .   (no cloak)
rCorr    .         Harm     .   (no gloves)
MR       .....                  (no boots)
Stlth    +.........             (no amulet)
HPRegen  0.21/turn              g - ring of protection from fire
MPRegen  0.11/turn              K - -3 ring of protection (curse)

@: lightly drained
A: breathe fire, unfitting armour, fire resistance 1, cold-blooded, AC +7
a: Breathe Fire, Berserk, Trog's Hand, Renounce Religion


You were on level 8 of the Dungeon.
You worshipped Trog.
Trog was pleased with you.
You were very hungry.

You visited 1 branch of the dungeon, and saw 9 of its levels.

You collected 372 gold pieces.

Inventory:

Hand Weapons
 a - a +1 war axe
 L - a +3 vampiric war axe (weapon)
Missiles
 t - 3 curare-tipped darts
 u - 4 silver boomerangs (quivered)
 F - a throwing net
Armour
 o - a +1 shield
 G - the +5 buckler of Decompression (worn) {rElec rF+ Str+3}
   (You took it off a gnoll sergeant on level 5 of the Dungeon)

   It affects your strength (+3).
   It protects you from fire.
   It insulates you from electricity.
Jewellery
 g - a ring of protection from fire (left hand)
 m - a cursed ring of protection from magic
 q - an uncursed ring of protection from fire
 E - an uncursed ring of see invisible {unknown}
 K - a cursed -3 ring of protection (right hand)
Wands
 B - a wand of enslavement (6)
 C - a wand of paralysis (15)
 H - a wand of polymorph (8)
 J - a wand of iceblast (7)
Scrolls
 e - 2 scrolls of blinking
 i - 2 scrolls of teleportation
 j - a scroll of enchant weapon
 r - a scroll of fog {unknown}
 v - a scroll of noise {unknown}
 w - a scroll of enchant armour
 y - 4 scrolls of magic mapping {unknown}
 z - a scroll of random uselessness {unknown}
 I - a scroll of identify
 M - 2 scrolls of fear {unknown}
Potions
 b - 2 potions of curing
 c - 2 potions of might
 f - 2 potions of invisibility {unknown}
 h - 3 potions of haste
 k - 5 potions of heal wounds
 l - a potion of magic {unknown}
 n - 2 potions of flight {unknown}
 p - 2 potions of brilliance {unknown}
 s - 3 potions of agility {unknown}
 x - a potion of lignification {unknown}
 A - 2 potions of resistance {unknown}
Comestibles
 d - 11 rations


   Skills:
 - Level 3.9(3.6) Fighting
 * Level 12.3(12.0) Axes
 - Level 2.0(1.7) Throwing
 - Level 3.3(3.0) Dodging
 - Level 3.9(3.6) Shields


You had 8 spell levels left.
You didn't know any spells.
Your spell library contained the following spells:

 Spells                   Type           Power        Failure   Level  Hunger
 Animate Skeleton         Necr           N/A          38%         1    ##.....
 Apportation              Tloc           #.....       38%         1    ##.....
 Confusing Touch          Hex            #.....       38%         1    ##.....
 Summon Small Mammal      Summ           #...         38%         1    ##.....


Dungeon Overview and Level Annotations

Branches:
Dungeon (9/15)             Temple (0/1) D:6
   Lair: D:8-11         Orc: D:9-12

Altars:
Cheibriados
Makhleb
Nemelex Xobeh
Trog
Uskayaw
Vehumet
Xom
Zin

Shops:
D:5 (


Innate Abilities, Weirdness & Mutations

You can breathe blasts of fire.
Your fiery red scales are hard. (AC +7)
You cannot fit into any form of body armour.
Your flesh is heat resistant. (rF+)
You are cold-blooded and may be slowed by cold attacks.


Message History

The porcupine bites you.
You are struck by the porcupine's spines.
You hit the porcupine.
The porcupine is lightly wounded.
The porcupine bites you.
You slash the porcupine!
You feel better.
The porcupine is severely wounded.
The porcupine bites you! The porcupine bites you.
You are struck by the porcupine's spines.
You barely miss the porcupine.
The porcupine is severely wounded.
You block the porcupine's attack.
You are struck by the porcupine's spines.
* * * LOW HITPOINT WARNING * * *
You closely miss the porcupine.
The porcupine is severely wounded.
The porcupine bites you!
* * * LOW HITPOINT WARNING * * *
You are struck by the porcupine's spines.
You die...

#..#####..#....# #
#..#......#....# #
#..'......#....# #
.....#..##..#....# #
.....#..##..#....# #
######..#...#....#########
#
........'...#....#........
#
....##..##..#....r........
# ...
#..##..#...@#........ + ..
#...#..#....#..###### .
....#..#....#..#
##..##..'....#..#
#..##..#....#...
#..#####....#.r..
#....#.P.P #....# #....#


You could see a porcupine.

Vanquished Creatures
  The ghost of ciphuk the Cutter, an amateur KoAs (D:5)
  A hippogriff (D:7)
  A water moccasin (D:9)
  An ice beast (D:5)
  2 orc warriors (D:7)
  3 ogres
  3 centaurs (D:7)
  2 bullfrogs (D:7)
  2 gnoll sergeants (D:5)
  A scorpion (D:7)
  A howler monkey (D:4)
  8 wights
  A vampire bat (D:3)
  A bullfrog zombie (D:4)
  2 crimson imps (D:6)
  A centaur skeleton (D:8)
  A gnoll shaman (D:5)
  2 hounds
  3 orc priests
  A bullfrog skeleton (D:8)
  Terence (D:2)
  Jessica (D:1)
  An iguana (D:4)
  3 orc wizards (D:7)
  7 worker ants
  A worker ant zombie (D:8)
  A howler monkey zombie (D:5)
  7 gnolls (D:5)
  7 adders
  A river rat (D:3)
  2 shadow imps
  2 oozes
  An adder skeleton (D:8)
  A worm (D:5)
  A dart slug (D:1)
  3 fire bats (D:3)
  5 leopard geckos
  21 orcs
  2 spectral bats (D:3)
  3 ball pythons
  3 bat skeletons (D:3)
  A bat zombie (D:3)
  5 giant cockroaches
  4 hobgoblins
  12 jackals
  4 quokkas
  A ball python skeleton (D:4)
  18 bats
  A bat simulacrum (D:3)
  5 frilled lizards
  A giant cockroach zombie (D:6)
  14 goblins
  A jackal zombie (D:5)
  7 kobolds
  A leopard gecko skeleton (D:6)
  A quokka skeleton (D:8)
  15 rats
203 creatures vanquished.

Vanquished Creatures (others)
  6 plants (D:5)
6 creatures vanquished.

Grand Total: 209 creatures vanquished

Notes
Turn   | Place    | Note
-------+----------+-------------------------------------------
     0 | D:1      | anderalex17 the Draconian Fighter began the quest for the
                  | Orb.
     0 | D:1      | Reached XP level 1. HP: 19/19 MP: 1/1
   651 | D:1      | Reached XP level 2. HP: 26/26 MP: 2/2
  1300 | D:1      | Reached XP level 3. HP: 27/31 MP: 3/3
  1471 | D:2      | Noticed Jessica
  1495 | D:1      | Killed Jessica
  1509 | D:2      | Reached XP level 4. HP: 36/40 MP: 4/4
  1584 | D:2      | Noticed Terence
  1613 | D:2      | Killed Terence
  1613 | D:2      | Reached skill level 3 in Axes
  2284 | D:2      | Found a sparkling altar of Nemelex Xobeh.
  2545 | D:2      | Found a sparkling altar of Nemelex Xobeh.
  3158 | D:3      | Found a glowing drain.
  3282 | D:3      | Found a glowing silver altar of Zin.
  3404 | D:3      | Found a hide-covered altar of Uskayaw.
  3405 | D:3      | Noticed a +0 hand axe
  3405 | D:3      | Noticed a +0 dagger
  3413 | D:3      | Reached XP level 5. HP: 42/46 MP: 5/5
  3740 | D:3      | Reached skill level 4 in Axes
  3832 | D:3      | Reached skill level 5 in Axes
  3975 | D:3      | Reached XP level 6. HP: 52/52 MP: 6/6
  5416 | D:4      | Reached skill level 6 in Axes
  7401 | D:5      | Entered Level 5 of the Dungeon
  7454 | D:5      | Your scales start taking on a fiery red colour.
  7454 | D:5      | Reached XP level 7. HP: 51/58 MP: 7/7
  7454 | D:5      | Gained mutation: Your flesh is heat resistant. (rF+) [Red
                  | Draconian growth]
  7496 | D:5      | Found a shimmering altar of Xom.
  7779 | D:5      | Reached skill level 7 in Axes
  7805 | D:5      | Found a transporter.
  7815 | D:5      | Noticed ciphuk's ghost (amateur KoAs)
  7826 | D:5      | Identified the +5 buckler of Decompression {rElec rF+
                  | Str+3}
  8028 | D:5      | Found a bloodstained altar of Trog.
  8035 | D:5      | Became a worshipper of Trog the Wrathful
  8070 | D:5      | Found a transporter.
  8108 | D:5      | Found a burning altar of Makhleb.
  8296 | D:5      | Reached skill level 8 in Axes
  8760 | D:5      | Found Xaomad's Weapon Shoppe.
  8947 | D:6      | Reached XP level 8. HP: 66/66 MP: 8/8
  9154 | D:5      | Reached skill level 9 in Axes
  9447 | D:6      | Found a staircase to the Ecumenical Temple.
  9810 | D:5      | Reached * piety under Trog
 10785 | D:5      | Killed ciphuk's ghost
 10785 | D:5      | Reached skill level 10 in Axes
 10937 | D:7      | Found a snail-covered altar of Cheibriados.
 11147 | D:7      | Found a radiant altar of Vehumet.
 11238 | D:7      | Noticed a hippogriff
 11261 | D:7      | Killed a hippogriff
 11261 | D:7      | Reached skill level 11 in Axes
 11363 | D:7      | Reached XP level 9. HP: 67/71 MP: 9/9
 11967 | D:7      | Reached skill level 1 in Throwing
 12040 | D:8      | Reached skill level 12 in Axes
 12042 | D:8      | Reached ** piety under Trog
 12613 | D:8      | Impaled on a porcupine's spines

Levels and vault maps discovered:
D:1:      dpeg_arrival_subterranean_lakeside_camping, layout_loops_corners
D:2:      layout_basic, nemelex_diamond_rough_becter, uniq_terence, uniq_jessica
D:3:      layout_basic, zin_academy, dancing_weapons_uskayaw,
          portal_sewer_entry_c, goddamned_bats
D:4:      layout_layer_cave, serial_rivers, chequers_serial_rivers_micro_a,
          chequers_serial_rivers_small_a, chequers_serial_rivers_small_b,
          chequers_serial_rivers_room_a, chequers_serial_rivers_micro_b,
          chequers_serial_rivers_small_b, first_ration, kennysheep_nondescript,
          serial_park_tiny_pond, minmay_checkerbox
D:5:      layout_loops_ring, lemuel_round_altar, marbit_many_paths,
          nicolae_overflow_crystal_walls, nicolae_ossuary_entry_ruins,
          gammafunk_ghost_gnarly_gnolls, serial_shops,
          nicolae_shop_behind_doors, feat_on_display
D:6:      layout_cave_pools, minmay_temple_entry_crystal_x, st_stairs_14
D:7:      layout_loops_ring, lemuel_doored_altar, old_standard_altar
D:8:      layout_gridville, kennysheep_little_box, kennysheep_mini_moat,
          grunt_lair_entry_orc_guard_hut, basic_altar
D:9:      lemuel_slime, layout_loops_ring, uniq_joseph, uniq_erica

Skill      XL: |  1  2  3  4  5  6  7  8  9 |
---------------+----------------------------+-----
Dodging        | 3 |  3.3
Axes           | 3 5 6 8 11 12 | 12.3
Throwing       | 2 |  2.0
Fighting       | |  3.9
Shields        | |  3.9

Action                   |  1- 3 |  4- 6 |  7- 9 || total
-------------------------+-------+-------+-------++-------
Melee: War axe           |    97 |   250 |   329 ||   676
       Tailslap          |    11 |    25 |    42 ||    78
Invok: Berserk           |       |       |     2 ||     2
 Abil: Breathe Fire      |       |       |     1 ||     1
  Use: Scroll            |       |     9 |     7 ||    16
       Potion            |       |       |     3 ||     3
  Eat: Chunk             |     2 |    10 |    13 ||    25
       Ration            |       |     3 |     1 ||     4
Armor: Skin              |    35 |   127 |    57 ||   219
Dodge: Dodged            |    53 |   154 |   140 ||   347
Block: Shield            |    63 |   163 |   126 ||   352
       Buckler           |       |       |    40 ||    40
